 Dungeon Crawl Stone Soup version 0.30-a0-469-g84de5afbc5 (webtiles) character file.

Game seed: 13200143684359189353

3408 NinjaNoafa the Thaumaturge (level 10, 0/77 HPs)
             Began as a Djinni Fire Elementalist on Dec 19, 2022.
             Was an Initiate of Gozag.
             Slain by an orc warrior
             ... wielding a +0 trident
              (8 damage)
             ... on level 7 of the Dungeon.
             The game lasted 00:14:16 (10135 turns).

NinjaNoafa the Thaumaturge (DjFE)                  Turns: 10135, Time: 00:14:16

Health: 0/77       AC:  4    Str: 19    XL:     10   Next: 24%
Gold:   700        EV: 12    Int: 21    God:    Gozag SH:  0 Dex: 14

rFire   + + .      SeeInvis .    l - staff of earth
rCold   x . .      Faith    .    (no shield)
rNeg    . . .      Spirit   .    a - +0 robe
rPois   ∞          Reflect  .    e - +0 helmet
rElec   .          Harm     .    (no cloak)
rCorr   .          Rampage  .    f - +0 pair of gloves
Will    +....                    (boots unavailable)
Stlth   ++........               (no amulet)
HPRegen 0.32/turn                b - +6 ring of strength
MPRegen 0.00/turn                A - +6 ring of strength

@: gold aura, flying, studying Shields
A: sickness immunity, fire resistance 2, cold vulnerability 1, float, innate
caster, HP casting, extra vitality 1
a: Renounce Religion, Potion Petition, Call Merchant, Bribe Branch


You were on level 7 of the Dungeon.
You worshipped Gozag.
Gozag was pleased with you.
You visited 2 branches of the dungeon, and saw 8 of its levels.
You also visited: Sewer and Ossuary.

You collected 926 gold pieces.
You paid 226 gold pieces to Gozag.

Inventory:

Missiles
 d - 68 stones
 k - 6 javelins
 n - 10 silver boomerangs
 o - 3 boomerangs
 O - a throwing net
Armour
 a - a +0 robe (worn)
 e - a +0 helmet (worn)
 f - a +0 pair of gloves (worn)
Magical Staves
 l - a staff of earth (weapon)
Jewellery
 b - a +6 ring of strength (left hand)
 A - a +6 ring of strength (right hand)
Wands
 y - a wand of quicksilver (6)
 B - a wand of flame (6)
 K - a wand of mindburst (13)
Scrolls
 c - 5 scrolls of enchant weapon {unknown}
 h - a scroll of blinking {unknown}
 j - 3 scrolls of amnesia {unknown}
 p - 10 scrolls of teleportation {unknown}
 v - a scroll of brand weapon {unknown}
 C - 3 scrolls of poison {unknown}
 D - 4 scrolls of identify {unknown}
 E - a scroll of torment {unknown}
 F - 4 scrolls of immolation {unknown}
 H - a scroll of magic mapping {unknown}
 I - 2 scrolls of noise {unknown}
 P - a scroll of vulnerability {unknown}
Potions
 g - 4 potions of degeneration {unknown}
 i - 5 potions of curing {unknown}
 m - 2 potions of haste
 q - 4 potions of heal wounds
 r - 2 potions of brilliance {unknown}
 s - 3 potions of invisibility {unknown}
 t - 2 potions of might {unknown}
 u - a potion of cancellation {unknown}
 w - 2 potions of magic {unknown}
 x - 2 potions of resistance {unknown}
 z - a potion of berserk rage {unknown}
 G - a potion of lignification {unknown}
 J - 2 potions of attraction {unknown}
 L - a potion of flight {unknown}
 M - 2 potions of ambrosia {unknown}
 N - a potion of mutation {unknown}


   Skills:
 + Level 8.5 Fighting
 - Level 2.1 Dodging
 - Level 1.5 Stealth
 + Level 8.9 Spellcasting


You had 4 spell levels left.
You knew the following spells:

 Your Spells              Type           Power      Damage    Failure   Level
a - Foxfire               Conj/Fire      100%       2x1d9     1%          1
b - Scorch                Fire           92%        2d10      1%          2
c - Kindle Blastsparks    Fire/Tloc/Air  92%        2d17      1%          3
d - Inner Flame           Hex/Fire       46%        N/A       1%          3
e - Flame Wave            Conj/Fire      46%        2d12      1%          4
f - Kiss of Death         Conj/Necr      100%       2d13      1%          1
g - Ensorcelled Hibernat  Hex/Ice        92%        N/A       1%          2
h - Mephitic Cloud        Conj/Pois/Air  46%        N/A       1%          3
i - Tukima's Dance        Hex            46%        N/A       1%          3
Your spell library was empty.

Dungeon Overview and Level Annotations

Branches:
Dungeon (7/15)             Temple (1/1) D:6           Sewer (visited)
Ossuary (visited)

Altars:
Ashenzari
Cheibriados
Dithmenos
Elyvilon
Fedhas
Gozag
Hepliaklqana
Okawaru
Ru
Uskayaw
Wu Jian
Xom
Yredelemnul
Zin
The Shining One

Shops:
D:2 (


Innate Abilities, Weirdness & Mutations

You are immune to sickness and miasma.
You are immune to poison.
Your flesh is very heat resistant. (rF++)
You are vulnerable to cold. (rC-)
You float through the air rather than walking.
You learn spells naturally, not from books.
Your magical power is your life essence.
You have superior vitality. (+4 MHP)


Message History

The orc warrior is lightly wounded.
The orc warrior hits you from afar with a +0 trident!
* * * LOW HITPOINT WARNING * * *
The orc warrior hits your +0 trident with a +0 dire flail!
Your +0 trident falls from the air.
The orc priest calls upon Beogh to heal the orc warrior.
The orc warrior's wounds heal themselves!
Casting: Foxfire (safe; 1% risk of failure)
Confirm with . or Enter, or press ? or * to list all spells.
You conjure some foxfire!
* * * LOW HITPOINT WARNING * * *
The foxfire hits the orc warrior.
The orc warrior is lightly wounded.
The orc warrior hits you from afar with a +0 trident!
* * * LOW HITPOINT WARNING * * *
The cloud of blastsparks explodes!
The concussive blast engulfs the orc.
The orc is heavily wounded.
The concussive blast engulfs the orc priest!!
You kill the orc priest!
The concussive blast engulfs the orc warrior!!
The orc warrior is severely wounded.
The concussive blast engulfs the orc warrior!!
The orc warrior is almost dead.
The orc warrior is knocked back by the blast.
Your +0 arbalest shoots a bolt.
The bolt hits the orc warrior!!
The orc warrior dies!
You hear a shout! x2
Casting: Foxfire (safe; 1% risk of failure)
Confirm with . or Enter, or press ? or * to list all spells.
You conjure some foxfire!
* * * LOW HITPOINT WARNING * * *
The foxfire hits the orc warrior but does no damage.
The orc warrior is almost dead.
The foxfire hits the orc warrior but does no damage.
The orc warrior is almost dead.
The foxfire hits the orc warrior but does no damage.
The orc warrior is almost dead.
The orc warrior hits you from afar with a +0 trident!
You die...
Your body crumbles into a pile of gold.

#############....###.#
....## ####.# #.#
..8..8##.$$(# #.#
......o#.#$$# #.#
......o$.#.$# #.#
.......###$o# #.#
..8..8####.o# #)#
....## #..v.# #.#
########## ##..§@# #.#
.#..##.#.# #.###§# #.#
.##.##.#.###.###.###.#
.##..................#
.....................#
###.####.###.###.#####
#.# #.# #.# #.# #.#
#.# #.# #.# ### ###
### ###


You could see an orc warrior (ally target), an orc and a friendly +0 arbalest.

Vanquished Creatures
  Grinder (D:6)
  A steam dragon (D:7)
  2 water moccasins
  2 sky beasts
  3 black bears
  2 ogres
  A centaur (D:7)
  A phantom (D:6)
  Blork the orc (D:4)
  6 scorpions
  2 howler monkeys (D:5)
  An electric eel (D:7)
  2 gnoll boudas (D:5)
  7 jellies
  8 hounds
  An orc priest (D:7)
  Ijyb (D:3)
  3 iguanas
  2 orc wizards
  Natasha (thrice) (D:3)
  8 mummies (Ossuary)
  Robin (D:3)
  15 gnolls
  10 adders
  4 river rats
  A shadow imp (D:5)
  3 white imps
  2 ufetubi
  5 worms
  4 dart slugs
  12 orcs
  10 bats
  8 endoplasms
  6 giant cockroaches
  A gnoll zombie (Ossuary)
  20 goblins
  11 hobgoblins
  2 quokkas (D:3)
  9 ball pythons
  10 frilled lizards
  4 hobgoblin zombies (Ossuary)
  8 kobolds
  3 orc zombies (Ossuary)
  8 rats
215 creatures vanquished.

Vanquished Creatures (collateral kills)
  An orc warrior (D:7)
  2 centaurs (D:7)
  An orc wizard (D:7)
  A foxfire (D:1)
5 creatures vanquished.

Vanquished Creatures (others)
  A dancing weapon (D:7)
  An orc (D:7)
  816 foxfires
818 creatures vanquished.

Grand Total: 1038 creatures vanquished

Notes
Turn   | Place    | Note
-------+----------+-------------------------------------------
     0 | D:1      | NinjaNoafa the Djinni Fire Elementalist began the quest for
                  | the Orb.
     0 | D:1      | NinjaNoafa set off with the following spells memorised:
                  | Foxfire, Scorch, Kindle Blastsparks, Inner Flame, Flame
                  | Wave.
     0 | D:1      | Reached XP level 1. HP: 15/15 MP: 0/0
   116 | D:1      | Reached XP level 2. HP: 17/21 MP: 0/0
   548 | D:1      | Reached XP level 3. HP: 17/25 MP: 0/0
   548 | D:1      | Learned a level 1 spell: Kiss of Death
  1179 | D:2      | Reached XP level 4. HP: 26/30 MP: 0/0
  1481 | D:2      | Found Huyda's Weapon Shoppe.
  2057 | D:3      | Found a basalt altar of Yredelemnul.
  2277 | D:3      | Noticed Natasha
  2291 | D:3      | Killed Natasha
  2292 | D:3      | Reached XP level 5. HP: 3/35 MP: 0/0
  2292 | D:3      | Learned a level 2 spell: Ensorcelled Hibernation
  2418 | D:3      | Noticed Natasha
  2425 | D:3      | Killed Natasha
  2489 | D:3      | HP: 1/35 [adder (1)]
  2516 | D:3      | Found a glowing drain.
  2524 | Sewer    | Entered a sewer
  2721 | Sewer    | Reached XP level 6. HP: 39/40 MP: 0/0
  2778 | Sewer    | Reached skill level 5 in Spellcasting
  2879 | Sewer    | Found a viscous altar of Jiyva.
  3075 | D:3      | Noticed Ijyb
  3075 | D:3      | Noticed Natasha
  3078 | D:3      | Killed Natasha
  3078 | D:3      | Killed Ijyb
  3079 | D:3      | Reached XP level 7. HP: 18/45 MP: 0/0
  3079 | D:3      | Learned a level 3 spell: Mephitic Cloud
  3127 | D:3      | Noticed Robin
  3132 | D:3      | Killed Robin
  4269 | D:4      | Reached skill level 1 in Fighting
  4637 | D:4      | Noticed Blork the orc
  4641 | D:4      | Killed Blork the orc
  4770 | D:4      | Found a shadowy altar of Dithmenos.
  4934 | D:4      | Found an iron altar of Okawaru.
  5075 | D:5      | Entered Level 5 of the Dungeon
  5143 | D:5      | Found an ornate altar of the Wu Jian Council.
  5159 | D:5      | Reached XP level 8. HP: 52/56 MP: 0/0
  5356 | D:5      | Found a sand-covered staircase.
  5367 | Ossuary  | Entered an ossuary
  5809 | D:5      | Reached skill level 5 in Fighting
  5828 | D:5      | Reached XP level 9. HP: 6/65 MP: 0/0
  5828 | D:5      | Learned a level 3 spell: Tukima's Dance
  6325 | D:5      | Found a shimmering altar of Xom.
  6660 | D:5      | Noticed a spectral centipede
  7113 | D:6      | Noticed Grinder
  7250 | D:6      | Killed Grinder
  7291 | D:6      | Found a blossoming altar of Fedhas.
  7538 | D:6      | Found a staircase to the Ecumenical Temple.
  7624 | Temple   | Entered the Ecumenical Temple
  7720 | Temple   | Became a worshipper of Gozag Ym Sagoz the Greedy
  8208 | D:6      | Found a shimmering altar of Xom.
  8855 | D:7      | Reached XP level 10. HP: 17/76 MP: 0/0
  9845 | D:7      | Found a runed translucent door.
 10038 | D:7      | Found a hazy altar of Hepliaklqana.
 10135 | D:7      | Slain by an orc warrior

Illustrated notes

Levels and vault maps discovered:
D:1:      eino_arrival_water_cross, layout_basic, minmay_heptomino_o4
D:2:      cheibrodos_greedy_goblins, layout_rooms, serial_shops,
          nicolae_shop_bloodbath_and_beyond, kennysheep_crisscross,
          palyth_stone_intersect, minmay_splitting_lines, grunt_decor_junction,
          supply_closet_lemuel
D:3:      layout_basic, mainiacjoe_overflow_24_doors, lightli_sewer_entry_pipes,
          lightli_corner_chamber, uniq_robin, uniq_natasha, uniq_ijyb
D:4:      layout_gridville, grunt_dithmenos_smoke_and_mirrors,
          mainiacjoe_overflow_alcove_1, uniq_blork_the_orc
D:5:      layout_layer_cave, pdpol_wu_jian_five_deadly_venoms, enter_ossuary_1,
          minmay_ruined_shrine
D:6:      layout_loops_cross, general_overflow_altar, fedhas_altar_1,
          minmay_temple_entry_arrows, uniq_grinder
D:7:      layout_basic, nicolae_hepliaklqana_hippocampus, fountainhead,
          corexii_leaking_fountain, lightli_church_of_beogh
Temple:   minmay_temple_curvy_loop

Skill      XL: |  1  2  3  4  5  6  7  8  9 10 |
---------------+-------------------------------+-----
Spellcasting   | 3 4 5 6 7 8 |  8.9
Fighting       | 3 5 7 8 |  8.5
Dodging        | |  2.1
Stealth        | |  1.5

Action                   |  1- 3 |  4- 6 |  7- 9 | 10-12 || total
-------------------------+-------+-------+-------+-------++-------
Melee: Staff             |       |     4 |     4 |     4 ||    12
 Cast: Foxfire           |    50 |   168 |   245 |    40 ||   503
       Scorch            |    19 |     1 |       |       ||    20
       Kiss of Death     |     1 |       |       |     1 ||     2
       Kindle Blastspark |       |     3 |    26 |     4 ||    33
       Inner Flame       |       |     3 |    26 |       ||    29
       Ensorcelled Hiber |       |     1 |     3 |     2 ||     6
       Flame Wave        |       |       |     3 |       ||     3
       Mephitic Cloud    |       |       |     4 |       ||     4
       Tukima's Dance    |       |       |     6 |     6 ||    12
  Use: Potion            |       |       |     3 |     1 ||     4
 Stab: Sleeping          |       |     1 |     1 |       ||     2
Armor: Robe              |     4 |     8 |    19 |     4 ||    35
Dodge: Dodged            |    12 |    12 |    82 |    15 ||   121

Table legend: (Time is in decaauts)
 A = Elapsed time spent in this place.
 B = Non-inter-level travel time spent in this place.
 C = Inter-level travel time spent in this place.
 D = Time resting spent in this place.
 E = Time spent auto-exploring this place.
 F = Levels seen in this place.
 G = Mean time per level.
                   A        B        C        D        E       F      G
               +--------+--------+--------+--------+--------+-----+--------+
         Total |  10114 |   9710 |    404 |     57 |   8081 |  10 | 1011.4 |
       Dungeon |   8929 |   8588 |    341 |     57 |   7164 |   7 | 1275.6 |
        Temple |    271 |    208 |     63 |      0 |    203 |   1 |  271.0 |
         Sewer |    530 |    530 |      0 |      0 |    400 |   1 |  530.0 |
       Ossuary |    382 |    382 |      0 |      0 |    314 |   1 |  382.0 |
               +--------+--------+--------+--------+--------+-----+--------+

Top non-repeatable levels by time:
     D:5: 1781 daAuts
     D:3: 1426 daAuts
     D:7: 1353 daAuts
     D:6: 1272 daAuts
     D:1: 1065 daAuts
     D:4: 1057 daAuts
     D:2: 973 daAuts
   Sewer: 530 daAuts
 Ossuary: 382 daAuts
  Temple: 271 daAuts
